 Dungeon Crawl Stone Soup version 0.30-a0-187-gd9c2deaf24 (webtiles) character file.

Game seed: 10906053295051040246

41 Nerdsrcool the Trooper (level 3, 0/33 HPs)
             Began as a Minotaur Monk on Oct 3, 2022.
             Constricted to death by Sigmund (1 damage)
             ... on level 3 of the Dungeon.
             The game lasted 00:07:01 (1147 turns).

Nerdsrcool the Trooper (Minotaur Monk)              Turns: 1147, Time: 00:07:02

Health: 0/33       AC:  8    Str: 17    XL:     3   Next: 32%
Magic:  2/2        EV:  5    Int:  7    God:
Gold:   67         SH:  0    Dex: 12    Spells: 2/2 levels left

rFire   . . .      SeeInvis .    a - +0 spear
rCold   . . .      Faith    .    (no shield)
rNeg    . . .      Spirit   .    f - +0 chain mail
rPois   .          Reflect  .    (helmet restricted)
rElec   .          Harm     .    (no cloak)
rCorr   .          Rampage  .    (no gloves)
Will    .....                    (no boots)
Stlth   ..........               (no amulet)
HPRegen 0.25/turn                (no ring)
MPRegen 0.08/turn                (no ring)

@: confused, grasped by roots, constricted
A: horns 2, retaliatory headbutt
a: no special abilities


You were on level 3 of the Dungeon.
You visited 1 branch of the dungeon, and saw 3 of its levels.

You collected 67 gold pieces.

Inventory:

Hand Weapons
 a - a +0 spear (weapon)
 e - a +0 sling
Missiles
 h - 22 stones (quivered)
Armour
 b - a +0 robe
 f - a +0 chain mail (worn)
 m - a +0 barding
Scrolls
 j - 3 scrolls of identify
 k - 2 scrolls of enchant weapon {unknown}
 l - a scroll of immolation
Potions
 c - 2 potions of cancellation
 d - a potion of heal wounds {unknown}
 g - a potion of degeneration {unknown}


   Skills:
 + Level 4.2 Fighting
 + Level 4.2 Polearms
 + Level 0.8 Armour
 + Level 3.8 Dodging
 + Level 1.6 Stealth


You had 2 spell levels left.
You didn't know any spells.
Your spell library contained the following spells:

 Spells                   Type           Power      Damage    Failure   Level
 Kiss of Death            Conj/Necr      0%         2d5       100%        1
 Confusing Touch          Hex            0%         N/A       100%        3
 Dispel Undead            Necr           0%         3d6       100%        4


Dungeon Overview and Level Annotations

Branches:
Dungeon (2/15)

Altars:
Elyvilon
Qazlal

Annotations:
D:3 Sigmund


Innate Abilities, Weirdness & Mutations

You have a pair of horns on your head.
You reflexively headbutt those who attack you in melee.


Message History

The rat bites you but does no damage. x2; Something completely misses you.
You hit the rat but do no damage.
The rat is severely wounded.
The bat closely misses you. You furiously retaliate!
You headbutt the bat, but do no damage. The rat bites you but does no damage.
The rat barely misses you. You furiously retaliate!
You headbutt the rat.
You kill the rat!
You closely miss the rat. Something hits you!
* * * LOW HITPOINT WARNING * * *
The rat bites you.
* * * LOW HITPOINT WARNING * * *
The bat barely misses you. You furiously retaliate!
You headbutt the bat!
You kill the bat!
You puncture the rat!
You kill the rat!
You feel better.
You hear a zap.
The roots erupt in riotous growth!
The grasping roots grab you!
You are constricted.
The roots grasp on you weakens, but your attempt to escape fails.
Something hits you.
* * * LOW HITPOINT WARNING * * *
You are constricted.
* * * LOW HITPOINT WARNING * * *
You escape the roots grasp.
You hear some strange, mumbled words.
You are confused.
You hear a zap.
The roots erupt in riotous growth!
The grasping roots grab you!
You are constricted.
* * * LOW HITPOINT WARNING * * *
You hear a shout!
You bump into the rock wall.
A magic dart appears from out of thin air!
The magic dart hits you.
* * * LOW HITPOINT WARNING * * *
You are constricted.
You die...

#...# ..... .#.....
###.#.####.####........
#...#..................
#.######..?.......[....
#.# ##..............
#.# #...{..........
##.# #....††........
...# ##.....†.......
##.### ##....@.......
.#...## ######.##..##
..##..# ..# .# #..##.#
.... # ...)..## ..#..
.......# ..#....
.......# ..# .##
.....#.# ... .
.....#..#


There were no monsters in sight!

Vanquished Creatures
  A dart slug (D:1)
  4 endoplasms
  2 giant cockroaches
  3 goblins
  3 hobgoblins (D:1)
  4 quokkas
  7 ball pythons
  4 bats
  2 frilled lizards
  2 kobolds (D:1)
  4 rats
36 creatures vanquished.

Notes
Turn   | Place    | Note
-------+----------+-------------------------------------------
     0 | D:1      | Nerdsrcool the Minotaur Monk began the quest for the Orb.
     0 | D:1      | Reached XP level 1. HP: 19/19 MP: 0/0
   163 | D:1      | Reached XP level 2. HP: 27/27 MP: 1/1
   828 | D:2      | Reached XP level 3. HP: 33/33 MP: 2/2
   856 | D:2      | Found a stormy altar of Qazlal.
   883 | D:2      | Found a faded altar of an unknown god.
  1065 | D:2      | You fall into a shaft and drop 1 floor!
  1118 | D:3      | Noticed Sigmund
  1125 | D:3      | Found a white marble altar of Elyvilon.
  1147 | D:3      | HP: 1/33 [something/magic dart (4)]
  1147 | D:3      | Constricted to death by Sigmund

Illustrated notes

Levels and vault maps discovered:
D:1:      minmay_arrival_split_and_join, layout_rooms
D:2:      layout_rooms, basic_altar, basic_ecumenical_altar, serial_curves,
          eino_curves_03, eino_curves_03, eino_curves_01, eino_curves_02,
          minmay_misc_feat_tiny, uniq_terence
D:3:      layout_rooms, mainiacjoe_overflow_catwalk_spiral, old_standard_altar,
          serial_shops, shop, uniq_ijyb, uniq_sigmund, uniq_jessica

Skill      XL: |  1  2 |
---------------+-------+-----
Fighting       | 4 |  4.2
Polearms       | 4 |  4.2
Armour         | |  0.8
Dodging        | |  3.8
Stealth        | |  1.6

Action                   || total
-------------------------++-------
Melee: Spear             ||   103
       Headbutt          ||    10
       Punch             ||     1
  Use: Potion            ||     3
       Scroll            ||     3
Armor: Robe              ||    13
       Chain mail        ||    47
Dodge: Dodged            ||    64

Table legend: (Time is in decaauts)
 A = Elapsed time spent in this place.
 B = Non-inter-level travel time spent in this place.
 C = Inter-level travel time spent in this place.
 D = Time resting spent in this place.
 E = Time spent auto-exploring this place.
 F = Levels seen in this place.
 G = Mean time per level.
                   A        B        C        D        E       F      G
               +--------+--------+--------+--------+--------+-----+--------+
         Total |   1136 |   1057 |     79 |      0 |    535 |   3 |  378.7 |
       Dungeon |   1136 |   1057 |     79 |      0 |    535 |   3 |  378.7 |
               +--------+--------+--------+--------+--------+-----+--------+

Top non-repeatable levels by time:
     D:1: 815 daAuts
     D:2: 240 daAuts
     D:3: 80 daAuts
